 Dungeon Crawl Stone Soup version 0.31-a0-795-g5eb97db20b (webtiles) character file.

Game seed: 9993902114584011901

228 cforsyth the Trooper (level 6, -3/49 HPs)
             Began as a Djinni Delver on Sept 18, 2023.
             Slain by Menkaure (5 damage)
             ... on level 5 of the Dungeon.
             The game lasted 00:01:36 (1383 turns).

cforsyth the Trooper (Djinni Delver)                Turns: 1383, Time: 00:01:37

Health: -3/49      AC:  5    Str: 11    XL:     6   Next: 23%
Gold:   67         EV: 12    Int: 14    God:
                   SH:  0    Dex: 14

rFire   + + .        a - +0 falchion
rCold   x . .        (no shield)
rNeg    . . .        b - +0 leather armour
rPois   ∞            l - +2 hat
rElec   .            (no cloak)
rCorr   .            (no gloves)
SInv    .            (boots unavailable)
Will    .....        (no amulet)
Stlth   ++           (no ring)
HPRegen 0.28/turn    (no ring)
MPRegen 0.00/turn

%: infuse magic (-4 HP)
@: attractive, flying, hasted, very quick
A: sickness immunity, fire resistance 2, cold vulnerability 1, float, innate
caster, HP casting, extra vitality 1
a: no special abilities


You were on level 5 of the Dungeon.
You visited 1 branch of the dungeon, and saw 2 of its levels.

You collected 67 gold pieces.

Inventory:

Hand Weapons
 a - a +0 falchion (weapon)
Armour
 b - a +0 leather armour (worn)
 l - a +2 hat (worn)
Jewellery
 h - a ring of positive energy
 j - a +6 ring of strength
Wands
 g - a wand of digging (3)
Scrolls
 c - a scroll of fog
 d - a scroll of revelation
 e - 2 scrolls of fear
 i - a scroll of torment {unknown}
 k - a scroll of enchant armour {unknown}
 n - a scroll of identify {unknown}
Potions
 m - a potion of attraction


   Skills:
 + Level 5.0 Fighting
 - Level 1.7 Long Blades
 - Level 2.1 Dodging
 - Level 4.1 Stealth
 + Level 2.7 Spellcasting
 + Level 2.7 Conjurations
 + Level 2.7 Hexes
   Level 0.0 Charms
 + Level 2.7 Summonings
 + Level 2.7 Necromancy
 + Level 2.7 Translocations
 + Level 2.7 Transmutations
 + Level 2.7 Fire Magic
 + Level 2.7 Ice Magic
 + Level 2.7 Air Magic
 + Level 2.7 Earth Magic
 + Level 2.7 Poison Magic


You knew the following spells:

 Your Spells              Type           Power      Damage    Failure   Level
a - Magic Dart            Conj           36%        1d4       10%         1
b - Lesser Beckoning      Tloc           18%        N/A       14%         2
Your spell library was empty.

Dungeon Overview and Level Annotations

Branches:
Dungeon (5/15)
 Temple: D:4-7

Altars:
Gozag
Nemelex Xobeh

Annotations:
D:5 Menkaure


Innate Abilities, Weirdness & Mutations

You are immune to sickness and miasma.
You are immune to poison.
Your flesh is very heat resistant. (rF++)
You are vulnerable to cold. (rC-)
You float through the air rather than walking.
You learn spells naturally, not from books.
Your magical power is your life essence.
You have superior vitality. (+4 MHP)


Message History

The hound is heavily wounded.
The hound closely misses you. The hound bites you.
You hit the hound.
The hound is severely wounded.
The hound misses you. The hound bites you.
You hit the hound.
You kill the hound!
Your Fighting skill increases to level 5!
No target in view!
No target in view!
No target in view!
No target in view!
No target in view!
No target in view!
No target in view!
No target in view!
Menkaure shouts!
Okay, then.
You feel yourself speed up.
Menkaure casts a spell.
Menkaure seems to speed up.
You hit Menkaure.
Menkaure is lightly damaged.
Menkaure hits you but does no damage.
You hit Menkaure.
Menkaure is moderately damaged.
The scorpion stings you. Menkaure closely misses you.
The scorpion closely misses you.
You hit Menkaure.
Menkaure is heavily damaged.
Menkaure hits you!! The scorpion misses you.
You hit Menkaure.
Menkaure is heavily damaged.
Menkaure hits you!
* * * LOW HITPOINT WARNING * * *
The scorpion closely misses you.
It was a potion of attraction.
You feel attractive to monsters. Menkaure hits you.
You die...

# .........##
#..........#.#. ......).##
#.........####.
..........###..........###.
.[......................#..
...............####........
..#s...........## ##.......
###.♣♣♣.........####.......
♣.s...........<.....
♣.@.....###........
♣.M.....#..........
♣..................
♣..................
♣..###.............
♣.####............. ♣.
#.............. ..
#..#.#......... ..#
#####..........


You could see Menkaure (fast) and a scorpion.

Vanquished Creatures
  A scorpion (D:4)
  2 hounds
  A jelly (D:5)
  An iguana (D:5)
  5 adders
  A dart slug (D:4)
  A ball python (D:4)
  An endoplasm (D:4)
  A goblin (D:4)
  A quokka (D:4)
15 creatures vanquished.

Notes
Turn   | Place    | Note
-------+----------+-------------------------------------------
     0 | D:5      | cforsyth the Djinni Delver began the quest for the Orb.
     0 | D:5      | Reached XP level 1. HP: 20/20 MP: 0/0
     5 | D:5      | Noticed Menkaure
    11 | D:5      | Noticed a scorpion
   186 | D:4      | Reached XP level 2. HP: 24/25 MP: 0/0
   231 | D:4      | Reached skill level 1 in Spellcasting
   231 | D:4      | Reached skill level 1 in Conjurations
   231 | D:4      | Reached skill level 1 in Hexes
   231 | D:4      | Reached skill level 1 in Summonings
   231 | D:4      | Reached skill level 1 in Necromancy
   231 | D:4      | Reached skill level 1 in Translocations
   231 | D:4      | Reached skill level 1 in Transmutations
   231 | D:4      | Reached skill level 1 in Fire Magic
   231 | D:4      | Reached skill level 1 in Ice Magic
   231 | D:4      | Reached skill level 1 in Air Magic
   231 | D:4      | Reached skill level 1 in Earth Magic
   231 | D:4      | Reached skill level 1 in Poison Magic
   317 | D:4      | Found an opulent altar of Gozag.
   340 | D:4      | Reached XP level 3. HP: 30/30 MP: 0/0
   340 | D:4      | Learned a level 1 spell: Magic Dart
   372 | D:4      | Found a sparkling altar of Nemelex Xobeh.
   612 | D:4      | Noticed a scorpion
   635 | D:4      | Killed a scorpion
   636 | D:4      | Reached skill level 4 in Fighting
   636 | D:4      | Reached XP level 4. HP: 35/37 MP: 0/0
   728 | D:4      | Reached XP level 5. HP: 39/42 MP: 0/0
   728 | D:4      | Learned a level 2 spell: Lesser Beckoning
  1047 | D:5      | Noticed an ogre
  1244 | D:5      | Reached XP level 6. HP: 29/49 MP: 0/0
  1369 | D:5      | Reached skill level 5 in Fighting
  1382 | D:5      | HP: 2/49 [Menkaure (15)]
  1383 | D:5      | Slain by Menkaure

Illustrated notes

Levels and vault maps discovered:
D:4:      layout_gridville, grunt_gozag_statues, overflow_temple_1_default
D:5:      layout_cave_pools, good_gods_temple_1, mainiacjoe_overflow_alcove_3,
          uniq_grinder, uniq_menkaure, uniq_duvessa

Skill      XL: |  1  2  3  4  5  6 |
---------------+-------------------+-----
Spellcasting   | 1 2 |  2.7
Conjurations   | 1 2 |  2.7
Hexes          | 1 2 |  2.7
Summonings     | 1 2 |  2.7
Necromancy     | 1 2 |  2.7
Translocations | 1 2 |  2.7
Transmutations | 1 2 |  2.7
Fire Magic     | 1 2 |  2.7
Ice Magic      | 1 2 |  2.7
Air Magic      | 1 2 |  2.7
Earth Magic    | 1 2 |  2.7
Poison Magic   | 1 2 |  2.7
Fighting       | 4 5 |  5.0
Long Blades    | |  1.7
Dodging        | |  2.1
Stealth        | |  4.1

Action                     |  1- 3 |  4- 6 || total
---------------------------+-------+-------++-------
  Melee: Falchion          |    31 |    71 ||   102
         Punch             |     2 |       ||     2
   Cast: Magic Dart        |       |     2 ||     2
    Use: Potion            |       |     2 ||     2
   Stab: Sleeping          |     3 |     3 ||     6
 Armour: Leather armour    |    15 |    47 ||    62
  Dodge: Dodged            |    23 |    58 ||    81

Table legend: (Time is in decaauts)
 A = Elapsed time spent in this place.
 B = Non-inter-level travel time spent in this place.
 C = Inter-level travel time spent in this place.
 D = Time resting spent in this place.
 E = Time spent auto-exploring this place.
 F = Levels seen in this place.
 G = Mean time per level.
                   A        B        C        D        E       F      G
               +--------+--------+--------+--------+--------+-----+--------+
         Total |   1402 |   1348 |     54 |    357 |    694 |   2 |  701.0 |
       Dungeon |   1402 |   1348 |     54 |    357 |    694 |   2 |  701.0 |
               +--------+--------+--------+--------+--------+-----+--------+

Top non-repeatable levels by time:
     D:4: 1032 daAuts
     D:5: 369 daAuts
